 Dungeon Crawl Stone Soup version 0.31-a0-1074-g0b22e4e0f1 (console) character file.

Game seed: 14739413110796386816

226 petzl the Sneak (level 6, -4/47 HPs)
             Began as a Formicid Delver on Nov 29, 2023.
             Slain by an iguana (8 damage)
             ... on level 4 of the Dungeon.
             The game lasted 00:15:47 (3699 turns).

petzl the Sneak (Formicid Delver)                   Turns: 3699, Time: 00:15:48

Health: -4/47      AC: 10    Str: 17    XL:     6   Next: 21%
Magic:  11/11      EV: 11    Int: 11    God:
Gold:   218        SH:  0    Dex: 15    Spells: 9/12 levels left

rFire   . . .        a - +0 mace
rCold   . . .        (no shield)
rNeg    . . .        o - +1 ring mail
rPois   +            (helmet unavailable)
rElec   .            (no cloak)
rCorr   .            (no gloves)
SInv    +            (no boots)
Will    .....        (no amulet)
Stlth   +++          l - +4 ring of protection
HPRegen 0.27/turn    m - ring of poison resistance
MPRegen 0.12/turn

%: no passive effects
@: no status effects
A: permanent stasis, dig shafts and tunnels, antennae 3, four strong arms
a: Dig, Shaft Self


You were on level 4 of the Dungeon.
You visited 1 branch of the dungeon, and saw 7 of its levels.

You collected 218 gold pieces.

Inventory:

Hand Weapons
 a - a +0 mace (weapon)
Armour
 o - a +1 ring mail (worn)
Jewellery
 l - a +4 ring of protection (left hand)
 m - a ring of poison resistance (right hand)
 n - a +6 ring of dexterity
Wands
 f - a wand of digging (2)
Scrolls
 c - 2 scrolls of enchant armour
 d - 3 scrolls of revelation
 e - 2 scrolls of identify
 k - a scroll of enchant weapon
 p - a scroll of brand weapon


   Skills:
 - Level 3.4 Fighting
 - Level 2.1 Maces & Flails
 - Level 2.0 Dodging
 - Level 6.1 Stealth
 + Level 3.9 Spellcasting
 + Level 1.4 Conjurations
 + Level 1.3 Air Magic
 + Level 2.2 Poison Magic


You had 9 spell levels left.
You knew the following spells:

 Your Spells              Type           Power      Damage    Failure   Level
a - Mephitic Cloud        Conj/Pois/Air  5%         N/A       56%         3

Your spell library contained the following spells:

 Spells                   Type           Power      Damage    Failure   Level
 Magic Dart               Conj           20%        1d4       24%         1
 Call Imp                 Summ           4%         N/A       56%         2
 Scorch                   Fire           4%         2d5       56%         2
 Flame Wave               Conj/Fire      3%         2d5       97%         4
 Summon Forest            Summ/Tloc      1%         N/A       100%        5
 Summon Mana Viper        Hex/Summ       2%         N/A       100%        5
 Summon Cactus Giant      Summ           1%         N/A       100%        6


Dungeon Overview and Level Annotations

Branches:
Dungeon (7/15)
 Temple: D:4-7

Altars:
Nemelex Xobeh
Okawaru
Qazlal
Sif Muna
Zin
The Shining One

Annotations:
D:4 Menkaure
D:5 exclusion: black bear


Innate Abilities, Weirdness & Mutations

You cannot be hasted, slowed, berserked, paralysed or teleported.
You can dig through walls and to a lower floor.
You have a pair of large antennae on your head. (SInv)
Your four strong arms can wield two-handed weapons with a shield.


Message History

The iguana is moderately wounded.
The iguana bites you.
The iguana bites you but does no damage.
An ogre comes into view. It is wielding a +0 giant club.
The iguana attacks as it pursues you!
The iguana bites you but does no damage.
A white imp comes into view.
The ogre shouts!
The hound barks!
The iguana attacks as it pursues you! The iguana closely misses you.
The white imp shouts, "Turn tail, thou wayward fat-kidneyed bum-bailey!"
The iguana misses you.
There is a stone staircase leading up here.
The iguana closely misses you.
You climb upwards.
Level annotation: Menkaure The kobold brigand shouts!
You hear a shout!
You hear an angry hiss.
There is a stone staircase leading down here.
You hit the iguana but do no damage.
The iguana is moderately wounded.
The iguana bites you.
The iguana hisses menacingly.
The iguana bites you.
You hit the iguana.
The iguana is heavily wounded.
The iguana barely misses you.
The kobold brigand hits you with a +0 flail.
You closely miss the kobold brigand. The iguana bites you.
The kobold brigand closely misses you.
You hit the iguana but do no damage.
The iguana is heavily wounded.
The iguana barely misses you.
The kobold brigand hits you with a +0 flail!
You closely miss the iguana.
The iguana is heavily wounded.
The iguana bites you!
* * * LOW HITPOINT WARNING * * *
The kobold brigand hits you with a +0 flail!
* * * LOW HITPOINT WARNING * * *
The iguana bites you!
You die...

.............#
.............# {
..l......S...#
.............#
#...........# #
#....)......# .
#.....).....# .
#.#......g....#
..#.#...........#
#.#....K...)....#
###.###..K...........#
#.............##.....#
#.......(.##.###.....
#.........##.# #....
#.........##.###....
#......$..........
#...............l#
#..............K@#
##..).............#
##...).#####.......#
+..##### #.......#
#..# #.......# ##.#
#....$..# #.#
#.......# #.#
#.......# #.#
#.......# #.#
#.......# #.#
##.###### #K# #.#
#.##########.#
#.......K....#
##############


You could see a kobold brigand and an iguana.

Vanquished Creatures
  An orc priest (D:4)
  2 orc wizards (D:3)
  7 adders
  An ufetubus (D:4)
  4 dart slugs
  8 orcs
  2 ball pythons
  6 bats
  3 endoplasms
  3 giant cockroaches
  3 goblins
  6 hobgoblins
  3 jackals (D:1)
  2 quokkas
  3 frilled lizards
  4 kobolds
  8 rats
66 creatures vanquished.

Notes
Turn   | Place    | Note
-------+----------+-------------------------------------------
     0 | D:5      | petzl the Formicid Delver began the quest for the Orb.
     0 | D:5      | Reached XP level 1. HP: 18/18 MP: 1/1
    48 | D:5      | Noticed an iguana
    60 | D:3      | Noticed a scorpion
   134 | D:3      | Reached XP level 2. HP: 19/24 MP: 2/2
   173 | D:3      | Found an iron altar of Okawaru.
   173 | D:3      | Found a faded altar of an unknown god.
   179 | D:3      | Found a glowing silver altar of Zin.
   181 | D:3      | Found a glowing golden altar of the Shining One.
   182 | D:3      | Found a shimmering blue altar of Sif Muna.
   275 | D:3      | Found a sparkling altar of Nemelex Xobeh.
   329 | D:3      | Found a faded altar of an unknown god.
   431 | D:2      | Reached skill level 1 in Spellcasting
   431 | D:2      | Reached XP level 3. HP: 29/29 MP: 3/5
  1152 | D:1      | You fall into a shaft and drop 1 floor!
  1291 | D:1      | Reached XP level 4. HP: 35/35 MP: 7/7
  1314 | D:1      | Found Gusese's Weapon Emporium.
  2048 | D:3      | You fall into a shaft and drop 1 floor!
  2074 | D:4      | Noticed a kobold brigand
  2122 | D:4      | You fall into a shaft and drop 2 floors!
  2129 | D:6      | Noticed a steam dragon
  2154 | D:6      | Learned a level 3 spell: Mephitic Cloud
  2197 | D:6      | Noticed a scorpion
  2284 | D:6      | You fall into a shaft and drop 1 floor!
  2484 | D:4      | Reached XP level 5. HP: 39/41 MP: 10/10
  2709 | D:3      | Reached skill level 1 in Poison Magic
  2805 | D:3      | Reached skill level 1 in Conjurations
  2805 | D:3      | Reached skill level 1 in Air Magic
  2874 | D:3      | You fall into a shaft and drop 1 floor!
  3004 | D:4      | Reached XP level 6. HP: 17/47 MP: 11/11
  3038 | D:4      | You fall into a shaft and drop 1 floor!
  3181 | D:5      | Found a stormy altar of Qazlal.
  3237 | D:5      | Noticed a black bear
  3346 | D:5      | Noticed a black bear
  3429 | D:4      | Noticed Menkaure
  3441 | D:3      | You fall into a shaft and drop 2 floors!
  3689 | D:5      | Noticed an ogre
  3699 | D:4      | Slain by an iguana

Illustrated notes

Levels and vault maps discovered:
D:1:      grunt_arrival_crossed_arrows, layout_basic, serial_shops,
          nicolae_shop_back_alley_shop, minmay_pentomino_q4
D:2:      layout_basic
D:3:      layout_basic, chequers_temple_overflow_minitemple,
          nemelex_spade_bored_becter, ebering_ecumenical_altar_sacrificial
D:4:      layout_basic, dk_noncrumbling_3, guppyfry_shop_venom, uniq_menkaure,
          uniq_crazy_yiuf_cottage
D:5:      layout_layer_cave, nicolae_qazlal_general_emergency
D:6:      layout_basic, mainiacjoe_overflow_catwalk_spiral,
          minmay_stone_trees_small, lemuel_flamethrower_2, uniq_prince_ribbit1
D:7:      layout_cave_pods, temple_green, enter_bailey_3, worms_lemuel

Skill      XL: |  1  2  3  4  5 |
---------------+----------------+-----
Dodging        | 2 |  2.0
Spellcasting   | 1 2 3 |  3.9
Poison Magic   | 2 |  2.2
Conjurations   | 1 |  1.4
Air Magic      | 1 |  1.3
Fighting       | |  3.4
Maces & Flails | |  2.1
Stealth        | |  6.1

Action                     |  1- 3 |  4- 6 || total
---------------------------+-------+-------++-------
  Melee: Mace              |    73 |   176 ||   249
         Punch             |       |     2 ||     2
Ability: Shaft Self        |     1 |     6 ||     7
         Dig               |       |     1 ||     1
  Evoke: Wand              |       |     1 ||     1
    Use: Scroll            |     1 |     9 ||    10
         Potion            |       |     1 ||     1
   Stab: Sleeping          |     9 |     4 ||    13
         Distracted        |     1 |     1 ||     2
 Armour: Leather armour    |    50 |    18 ||    68
         Ring mail         |       |   162 ||   162
         Skin              |       |    22 ||    22
  Dodge: Dodged            |    78 |   158 ||   236

Table legend: (Time is in decaauts)
 A = Elapsed time spent in this place.
 B = Non-inter-level travel time spent in this place.
 C = Inter-level travel time spent in this place.
 D = Time resting spent in this place.
 E = Time spent auto-exploring this place.
 F = Levels seen in this place.
 G = Mean time per level.
                   A        B        C        D        E       F      G
               +--------+--------+--------+--------+--------+-----+--------+
         Total |   3773 |   3661 |    112 |    746 |   1358 |   7 |  539.0 |
       Dungeon |   3773 |   3661 |    112 |    746 |   1358 |   7 |  539.0 |
               +--------+--------+--------+--------+--------+-----+--------+

Top non-repeatable levels by time:
     D:3: 927 daAuts
     D:2: 852 daAuts
     D:1: 699 daAuts
     D:5: 696 daAuts
     D:4: 299 daAuts
     D:6: 200 daAuts
     D:7: 97 daAuts
